 Dungeon Sprint DCSS version 0.19.5 (webtiles) character file.

1005 dwjmeijer the Unseen (level 8, -10/36 HPs)
             Began as a Spriggan Enchanter on May 12, 2017.
             Was an Initiate of Nemelex Xobeh.
             Killed by an exploding ballistomycete spore (20 damage)
             ... in the Dungeon (Sprint I: "Red Sonja").
             The game lasted 00:01:12 (356 turns).

dwjmeijer the Unseen (Spriggan Enchanter)            Turns: 356, Time: 00:01:13

Health: -10/36     AC:  3    Str:  4    XL:     8   Next: 0%
Magic:  19/19      EV: 18    Int: 17    God:    Nemelex Xobeh [......]
Gold:   405        SH:  0    Dex: 18    Spells: 5 memorised, 8 levels left

rFire  . . .     SeeInvis +     a - +1 dagger
rCold  . . .     Gourm    .     b - +1 robe
rNeg   . . .     Faith    .     (shield restricted)
rPois  .         Spirit   .     (helmet restricted)
rElec  .         Reflect  .     (no cloak)
rCorr  .         Harm     .     (gloves unavailable)
MR     +....     NoTele   +     (boots unavailable)
Stlth  +++.......               (no amulet)
                                (no ring)
                                (no ring)

@: confused, very quick
A: unfitting armour, see invisible, herbivore 3, speed 3, slow metabolism 2
a: Renounce Religion


You were in the Dungeon.
You worshipped Nemelex Xobeh.
Nemelex Xobeh was noncommittal.
You were not hungry.

You visited 1 branch You collected 405 gold pieces.

Inventory:

Hand Weapons
 a - a +1 dagger (weapon)
Armour
 b - a +1 robe (worn)
Scrolls
 j - a scroll of blinking
Potions
 e - a potion of curing
 f - a potion of heal wounds
 g - a potion of haste
 h - 2 potions of magic
 i - a potion of berserk rage
 k - a potion of resistance {unknown}
Books
 c - a book of Maledictions

   Spells                             Type                      Level
   a - Corona                         Hexes                        1
   b - Ensorcelled Hibernation        Hexes/Ice                    2
   c - Confuse                        Hexes                        3
   d - Tukima's Dance                 Hexes                        3
   e - Dazzling Spray                 Conjuration/Hexes            3
Miscellaneous
 m - a plain deck of summoning
Comestibles
 d - a bread ration
 l - a slice of pizza


   Skills:
 - Level 1.1 Short Blades
 - Level 3.0 Dodging
 + Level 17.3 Stealth
 - Level 6.7 Spellcasting
 + Level 13.9 Hexes


You had 8 spell levels left.
You knew the following spells:

 Your Spells              Type           Power        Failure   Level  Hunger
a - Corona                Hex            ######.      1%          1    None
b - Ensorcelled Hibernat  Hex/Ice        ####..       1%          2    None
c - Confuse               Hex            ######..     1%          3    ##.....
d - Dazzling Spray        Conj/Hex       ####..       1%          3    ##.....
e - Tukima's Dance        Hex            ######..     1%          3    ##.....


Dungeon Overview and Level Annotations

Branches:
Dungeon (1/1)

Altars:
Cheibriados
Dithmenos
Elyvilon
Fedhas
Gozag
Hepliaklqana
Kikubaaqudgha
Nemelex Xobeh
Okawaru
Qazlal
Ru
Sif Muna
Trog
Uskayaw
Vehumet
Yredelemnul
Zin
The Shining One

Shops:
D ?


Innate Abilities, Weirdness & Mutations

You are very small and have problems with some larger weapons.
You are too small for most types of armour.
You have supernaturally acute eyesight. (SInv)
You are a herbivore.
You cover ground extremely quickly.
You need consume almost no food.


Message History

9 curare-tipped needles You now have 324 gold pieces (gained 27).
You now have 351 gold pieces (gained 27).
You now have 378 gold pieces (gained 27).
You now have 405 gold pieces (gained 27).
You open the door. 2 ballistomycete spores come into view.
The ballistomycete spore waves its rhizomes.
The ballistomycete spore explodes!
The explosion of spores engulfs the ballistomycete spore.
The ballistomycete spore explodes!
The explosion of spores engulfs you!
You are confused.
Ouch! That really hurt!
* * * LOW HITPOINT WARNING * * *
The explosion of spores engulfs you!
You are more confused.
Ouch! That really hurt!
You die...
Your body disappears without a glow.

#..#__####..##(#
#..#_____##'#..+
#⌠⌠#_.∩...'..._#
####_..__##_.#'#
#_____###'#.#
#########.###
+...+ #.).#
##@## #'# !$!


$!!:$ ####### There were no monsters in sight!

Vanquished Creatures
  Sonja (D)
  Sigmund (D)
  A yak (D)
  An ogre (D)
  A jelly (D)
  Ijyb (D)
6 creatures vanquished.

Vanquished Creatures (others)
  A ballistomycete spore (D)
1 creature vanquished.

Grand Total: 7 creatures vanquished

Notes
Turn   | Place    | Note
-------+----------+-------------------------------------------
     0 | D        | dwjmeijer the Spriggan Enchanter began the quest for the Orb.
     0 | D        | Reached XP level 1. HP: 9/9 MP: 5/5
     2 | D        | Noticed Ijyb
    13 | D        | Killed Ijyb
    13 | D        | Reached skill level 6 in Stealth
    13 | D        | Reached skill level 5 in Hexes
    13 | D        | Reached XP level 2. HP: 4/13 MP: 5/8
   222 | D        | Learned a level 2 spell: Ensorcelled Hibernation
   223 | D        | Noticed an ogre
   229 | D        | Killed an ogre
   229 | D        | Reached skill level 9 in Stealth
   229 | D        | Reached XP level 3. HP: 16/16 MP: 9/12
   229 | D        | Reached XP level 4. HP: 21/21 MP: 9/13
   244 | D        | Learned a level 3 spell: Confuse
   248 | D        | Learned a level 3 spell: Dazzling Spray
   252 | D        | Learned a level 3 spell: Tukima's Dance
   263 | D        | Noticed Sigmund
   265 | D        | Killed Sigmund
   265 | D        | Reached skill level 12 in Stealth
   265 | D        | Reached skill level 10 in Hexes
   265 | D        | Reached XP level 5. HP: 24/24 MP: 12/15
   265 | D        | Reached XP level 6. HP: 28/28 MP: 12/16
   279 | D        | Found a deep blue altar of Sif Muna.
   281 | D        | Found a radiant altar of Vehumet.
   285 | D        | Reached skill level 13 in Stealth
   287 | D        | Found Gomoekuesih's Magic Scroll Emporium.
   287 | D        | Found an ancient bone altar of Kikubaaqudgha.
   287 | D        | Found a hazy altar of Hepliaklqana.
   287 | D        | Found a stormy altar of Qazlal.
   287 | D        | Found a hide-covered altar of Uskayaw.
   287 | D        | Found a blossoming altar of Fedhas.
   287 | D        | Found a bloodstained altar of Trog.
   287 | D        | Found an iron altar of Okawaru.
   287 | D        | Found a basalt altar of Yredelemnul.
   287 | D        | Found a glowing golden altar of the Shining One.
   287 | D        | Found a snail-covered altar of Cheibriados.
   287 | D        | Found a sacrificial altar of Ru.
   287 | D        | Found a glowing silver altar of Zin.
   287 | D        | Found a shadowy altar of Dithmenos.
   287 | D        | Found a white marble altar of Elyvilon.
   287 | D        | Noticed a yak
   290 | D        | Killed a yak
   290 | D        | Reached skill level 14 in Stealth
   291 | D        | Found an opulent altar of Gozag.
   292 | D        | Found a sparkling altar of Nemelex Xobeh.
   295 | D        | Became a worshipper of Nemelex Xobeh the Trickster
   333 | D        | Received a gift from Nemelex Xobeh
   333 | D        | Noticed Sonja
   337 | D        | Killed Sonja
   337 | D        | Reached skill level 17 in Stealth
   337 | D        | Reached XP level 7. HP: 32/32 MP: 18/18
   337 | D        | Reached XP level 8. HP: 36/36 MP: 19/19
   356 | D        | Killed by an exploding ballistomycete spore

Skill      XL: |  1  2  3  4  5  6 |
---------------+-------------------+-----
Stealth        | 6 9 12 17 | 17.3
Spellcasting   | 4 6 |  6.7
Hexes          | 5 7 10 13 | 13.9
Short Blades   | |  1.1
Dodging        | |  3.0

Action                   |  1- 3 |  4- 6 |  7- 9 || total
-------------------------+-------+-------+-------++-------
Melee: Dagger            |    15 |     4 |       ||    19
 Cast: Ensorcelled Hiber |       |     3 |       ||     3
 Stab: Sleeping          |     2 |     4 |       ||     6
Dodge: Dodged            |     9 |     1 |       ||    10
